 Dungeon Crawl Stone Soup version 0.26-a0-597-gb535b0901c (webtiles) character file.

Game seed: 6201264181256838232

7695 Apogee the Ruffian (level 11, -3/105 HPs)
             Began as a Troll Hunter on Sept 12, 2020.
             Was a Believer of Qazlal.
             Slain by an unseen horror (5 damage)
             ... on level 10 of the Dungeon.
             The game lasted 00:14:04 (7480 turns).

Apogee the Ruffian (Troll Hunter)                   Turns: 7480, Time: 00:14:05

Health: -3/105     AC:  6    Str: 22    XL:     11   Next: 0%
Magic:  7/13       EV: 16    Int: 10    God:    Qazlal [**....]
Gold:   550        SH: 14    Dex: 10    Spells: 10/10 levels left

rFire    . . .     SeeInvis .     - Unarmed
rCold    . . .     Faith    .   y - +0 kite shield
rNeg     . . .     Spirit   .   b - +0 robe
rPois    .         Reflect  .   (helmet restricted)
rElec    .         Harm     .   M - scarf {shadows}
rCorr    .                      (gloves unavailable)
MR       +....                  (boots unavailable)
Stlth    +.........             e - amulet of regeneration
HPRegen  1.07/turn              x - +4 ring of evasion
MPRegen  0.13/turn              l - ring of protection from magic

@: brilliant
A: large, unfitting armour, claws 3, regeneration 1, shaggy fur 1, tough skin 3
a: Upheaval, Renounce Religion


You were on level 10 of the Dungeon.
You worshipped Qazlal.
Qazlal was pleased with you.
You visited 2 branches of the dungeon, and saw 11 of its levels.

You collected 550 gold pieces.

Inventory:

Hand Weapons
 a - a +0 short sword
Missiles
 c - 10 large rocks (quivered)
 d - 4 throwing nets {!f}
 g - 267 stones
Armour
 b - a +0 robe (worn)
 y - a +0 kite shield (worn)
   (You found it on level 4 of the Dungeon)
 M - a scarf of shadows (worn)
   (You found it on level 7 of the Dungeon)
Jewellery
 e - an amulet of regeneration (around neck)
   (You found it on level 6 of the Dungeon)
 l - a ring of protection from magic (right claw)
   (You found it on level 4 of the Dungeon)
 x - a +4 ring of evasion (left claw)
   (You found it on level 3 of the Dungeon)
Wands
 t - a wand of flame (40)
   (You found it on level 6 of the Dungeon)
 E - a wand of enslavement (10)
   (You found it on level 6 of the Dungeon)
Scrolls
 f - 2 scrolls of magic mapping {unknown}
 h - 3 scrolls of identify {@r1}
 i - 7 scrolls of remove curse {@r2}
 k - a scroll of noise {unknown}
 q - 3 scrolls of amnesia
 r - 2 scrolls of blinking {unknown}
 s - 2 scrolls of immolation {unknown}
 v - 2 scrolls of fear {unknown}
 A - 2 scrolls of enchant weapon {unknown}
 B - a scroll of holy word {unknown}
 C - a scroll of acquirement {unknown}
 F - a scroll of fog {unknown}
 G - 3 scrolls of teleportation {@r4}
 J - 2 scrolls of enchant armour {unknown}
 K - a scroll of random uselessness {unknown}
 O - a scroll of brand weapon {unknown}
Potions
 j - 14 potions of degeneration {!q}
 m - 2 potions of mutation {unknown}
 n - 2 potions of flight
 o - 2 potions of lignification {unknown}
 p - 5 potions of curing {@q1}
 u - 3 potions of might
 w - a potion of haste {unknown}
 z - a potion of stabbing {unknown}
 D - 3 potions of heal wounds {unknown}
 H - a potion of ambrosia
 I - a potion of invisibility {unknown}
 L - 2 potions of brilliance
 N - a potion of resistance {unknown}


   Skills:
 - Level 5.8 Fighting
 - Level 3.6 Throwing
 + Level 7.4 Dodging
 - Level 0.3 Stealth
 * Level 7.7 Shields
 - Level 7.8 Unarmed Combat
 - Level 4.0 Invocations


You had 10 spell levels left.
You didn't know any spells.
Your spell library contained the following spells:

 Spells                   Type           Power        Failure   Level
 Corona                   Hex            #......      43%         1
 Ensorcelled Hibernation  Hex/Ice        #.....       58%         2
 Confusing Touch          Hex            #.......     82%         3
 Dazzling Flash           Conj/Hex       #.....       82%         3
 Tukima's Dance           Hex            #.......     82%         3


Dungeon Overview and Level Annotations

Branches:
Dungeon (9/15)             Temple (1/1) D:4            Lair (0/6) D:8
    Orc (0/2) D:9

Altars:
Ashenzari
Dithmenos
Elyvilon
Fedhas
Gozag
Hepliaklqana
Kikubaaqudgha
Makhleb
Nemelex Xobeh
Okawaru
Qazlal
Trog
Uskayaw
Vehumet
Xom
Yredelemnul
Zin
The Shining One

Annotations:
D:2 1 runed translucent door, Crazy Yiuf
D:6 3 runed translucent doors, Apogee's ghost, novice TrHu


Innate Abilities, Weirdness & Mutations

You are too large for most types of armour.
You have claws for hands.
Your natural rate of healing is unusually fast.
You are covered in fur. (AC +1)
You have extremely tough skin. (AC +3)


Message History

The ground shakes violently, spewing rubble!
You can no longer give life to nearby clouds.
Something hits you.
* * * LOW HITPOINT WARNING * * *
You closely miss something. Something hits you.
* * * LOW HITPOINT WARNING * * *
Okay, then.
Unknown command.
Unknown command.
Something hits you.
* * * LOW HITPOINT WARNING * * *
Unknown command.
You swing at nothing.
Something barely misses you.
You mangle something!! Something hits you but does no damage.
You barely miss something. Something hits you!
* * * LOW HITPOINT WARNING * * *
Unknown command.
Something hits you.
* * * LOW HITPOINT WARNING * * *
You scratch something. Something hits you!
* * * LOW HITPOINT WARNING * * *
You scratch something but do no damage. Something barely misses you.
Something hits you.
* * * LOW HITPOINT WARNING * * *
Unknown command.
You feel better. Something hits you!
* * * LOW HITPOINT WARNING * * *
Okay, then.
You feel better. Something hits you.
* * * LOW HITPOINT WARNING * * *
You closely miss something. You block something's attack.
You miss something. Something hits you.
* * * LOW HITPOINT WARNING * * *
Something barely misses you.
Unknown command.
Something hits you!
* * * LOW HITPOINT WARNING * * *
It was a potion of brilliance.
You feel clever all of a sudden. Something hits you.
* * * LOW HITPOINT WARNING * * *
Something hits you.
You die...

#.. #..# .# #...
..# ###...###.#
# #......##.# .#
#.......##.###
.##
##...........#
...##
##...○...##.#
....
##.##@#.##.#
...####
#.##.#.##.#
#.....
#.##.#.##.###..#
..##...........#
## ##########.##
#.# #.# #.# #.#


There were no monsters in sight!

Vanquished Creatures
  A two-headed ogre (D:8)
  Erica (D:8)
  An unseen horror (D:6)
  A merfolk (D:10)
  A hornet (D:8)
  Grinder (D:5)
  Prince Ribbit (D:7)
  A hippogriff (D:8)
  4 wyverns
  A wraith (D:10)
  A steam dragon (D:7)
  Duvessa (D:6)
  A swamp drake (D:9)
  4 sky beasts
  2 ice beasts (D:7)
  5 orc warriors
  A black bear (D:10)
  6 ogres
  2 necrophages
  6 centaurs
  3 bullfrogs
  Dowan (D:6)
  A scorpion (D:6)
  A howler monkey (D:8)
  3 centaur zombies
  3 bullfrog zombies
  A quasit (D:4)
  5 hounds
  6 orc priests
  A jelly (D:7)
  9 orc wizards
  Jessica (D:2)
  An iguana (D:5)
  5 worker ants
  A hound zombie (D:7)
  A hound skeleton (D:8)
  A worker ant zombie (D:6)
  6 adders
  2 shadow imps
  A white imp (D:9)
  2 ufetubi
  An ooze (D:5)
  An adder skeleton (D:5)
  A worm (D:2)
  A dart slug (D:1)
  5 leopard geckos
  51 orcs
  4 bats
  7 giant cockroaches
  6 goblins
  4 hobgoblins
  11 jackals
  7 kobolds
  3 quokkas
  A ball python (D:2)
  4 frilled lizards
  A leopard gecko skeleton (D:5)
  A leopard gecko zombie (D:7)
  9 rats
215 creatures vanquished.

Notes
Turn   | Place    | Note
-------+----------+-------------------------------------------
     0 | D:1      | Apogee the Troll Hunter began the quest for the Orb.
     0 | D:1      | Reached XP level 1. HP: 19/19 MP: 0/0
   128 | D:1      | Reached skill level 1 in Unarmed Combat
   130 | D:1      | Reached XP level 2. HP: 25/28 MP: 1/1
   689 | D:1      | Reached XP level 3. HP: 32/35 MP: 2/2
  1118 | D:2      | Found a runed translucent door.
  1119 | D:2      | Noticed Crazy Yiuf
  1140 | D:2      | Noticed Jessica
  1168 | D:2      | Killed Jessica
  1229 | D:2      | Reached XP level 4. HP: 42/42 MP: 3/3
  1643 | D:3      | Reached XP level 5. HP: 50/50 MP: 4/4
  2636 | D:4      | Noticed a wyvern
  2645 | D:4      | Killed a wyvern
  2645 | D:4      | Reached XP level 6. HP: 46/61 MP: 5/5
  2910 | D:4      | Found a staircase to the Ecumenical Temple.
  2971 | Temple   | Entered the Ecumenical Temple
  3079 | Temple   | Became a worshipper of Qazlal Stormbringer
  3274 | D:5      | Entered Level 5 of the Dungeon
  3284 | D:5      | Noticed Grinder
  3335 | D:5      | Killed Grinder
  3335 | D:5      | Reached skill level 5 in Unarmed Combat
  3335 | D:5      | Reached XP level 7. HP: 56/67 MP: 6/6
  4137 | D:6      | Reached skill level 1 in Shields
  4210 | D:6      | Reached XP level 8. HP: 60/78 MP: 7/7
  4270 | D:6      | Reached * piety under Qazlal
  4532 | D:6      | Found a runed translucent gate.
  4774 | D:6      | Found a runed translucent gate.
  4774 | D:6      | Found a runed translucent gate.
  4774 | D:6      | Noticed Apogee's ghost (novice TrHu)
  5122 | D:7      | Found a stormy altar of Qazlal.
  5142 | D:6      | Killed an unseen horror
  5142 | D:6      | Reached skill level 5 in Fighting
  5142 | D:6      | Reached skill level 5 in Dodging
  5142 | D:6      | Reached XP level 9. HP: 36/86 MP: 8/8
  5291 | D:7      | Noticed Prince Ribbit
  5298 | D:7      | Killed Prince Ribbit
  5475 | D:7      | Found a sparkling altar of Nemelex Xobeh.
  5482 | D:7      | Noticed Dowan
  5482 | D:7      | Noticed Duvessa
  5564 | D:6      | Killed Duvessa
  5579 | D:6      | Killed Dowan
  5999 | D:8      | Reached skill level 1 in Invocations
  6014 | D:8      | Reached ** piety under Qazlal
  6032 | D:8      | Reached skill level 5 in Shields
  6100 | D:8      | Reached XP level 10. HP: 92/96 MP: 10/10
  6128 | D:8      | Found a staircase to the Lair.
  6260 | D:8      | Found a burning altar of Makhleb.
  6283 | D:8      | Noticed Erica
  6293 | D:8      | Killed Erica
  6353 | D:8      | Noticed a two-headed ogre
  6386 | D:8      | Killed a two-headed ogre
  6674 | D:8      | Found a shadowy altar of Dithmenos.
  6988 | D:9      | Found a staircase to the Orcish Mines.
  7066 | D:9      | Reached *** piety under Qazlal
  7224 | D:9      | You fall into a shaft and drop 1 floor!
  7224 | D:10     | Entered Level 10 of the Dungeon
  7449 | D:10     | Reached XP level 11. HP: 98/103 MP: 13/13
  7479 | D:10     | HP: 4/105 [something (8)]
  7480 | D:10     | Slain by an unseen horror

Illustrated notes

Levels and vault maps discovered:
D:1:      dpeg_arrival_ratfight, layout_loops_corners, st_stairs_1,
          wander_ebering_terrifying_dragon_lair
D:2:      layout_basic, uniq_crazy_yiuf_cottage, uniq_jessica
D:3:      layout_rooms
D:4:      layout_basic, minmay_temple_entry_gardened_gates
D:5:      layout_gridville, uniq_grinder
D:6:      layout_basic, gammafunk_ghost_necromancy
D:7:      layout_cave_pools, nicolae_overflow_hidden_temple,
          nicolae_qazlal_style_of_elements, uniq_duvessa, uniq_prince_ribbit1
D:8:      layout_rooms, makhleb_heckhound_becter, lemuel_doored_altar,
          lair_entry_dummy, uniq_erica
D:9:      layout_roguey, nicolae_overflow_quartered_altars, erik_orc_1,
          lightli_orcish_oven
D:10:     layout_loops_corners, hangedman_fish_farm
Temple:   regret_index_temple_waves

Skill      XL: |  1  2  3  4  5  6  7  8  9 10 |
---------------+-------------------------------+-----
Unarmed Combat | 1 2 3 4 5 6 7 |  7.8
Dodging        | 2 3 4 5 6 7 |  7.4
Fighting       | 2 3 4 5 |  5.8
Shields        | 1 3 5 7 |  7.7
Invocations    | 2 4 |  4.0
Throwing       | |  3.6
Stealth        | |  0.3

Action                   |  1- 3 |  4- 6 |  7- 9 | 10-12 || total
-------------------------+-------+-------+-------+-------++-------
Melee: Unarmed           |    83 |   138 |   270 |   242 ||   733
       Punch             |       |     1 |     4 |       ||     5
Throw: Stone             |     1 |     1 |     1 |       ||     3
       Large rock        |       |       |     2 |       ||     2
Invok: Upheaval          |       |       |       |     5 ||     5
  Use: Scroll            |       |       |     9 |       ||     9
       Potion            |       |       |       |     3 ||     3
 Stab: Sleeping          |       |     1 |       |       ||     1
Armor: Robe              |    41 |    41 |    53 |    30 ||   165
Dodge: Dodged            |    39 |    74 |   164 |   114 ||   391
Block: Kite shield       |       |       |    80 |   140 ||   220
       Other             |       |       |     4 |       ||     4

Table legend: (Time is in decaauts)
 A = Elapsed time spent in this place.
 B = Non-inter-level travel time spent in this place.
 C = Inter-level travel time spent in this place.
 D = Time resting spent in this place.
 E = Time spent auto-exploring this place.
 F = Levels seen in this place.
 G = Mean time per level.
                   A        B        C        D        E       F      G
               +--------+--------+--------+--------+--------+-----+--------+
         Total |   7422 |   7064 |    358 |    437 |   5079 |  11 |  674.7 |
       Dungeon |   7298 |   6993 |    305 |    437 |   5012 |  10 |  729.8 |
        Temple |    123 |     70 |     53 |      0 |     67 |   1 |  123.0 |
               +--------+--------+--------+--------+--------+-----+--------+

Top non-repeatable levels by time:
     D:4: 1129 daAuts
     D:6: 1116 daAuts
     D:1: 962 daAuts
     D:5: 899 daAuts
     D:8: 756 daAuts
     D:7: 650 daAuts
     D:2: 628 daAuts
     D:3: 455 daAuts
     D:9: 448 daAuts
    D:10: 250 daAuts
  Temple: 123 daAuts
